 Dungeon Crawl Stone Soup version 0.27-a0-906-g0a00ce863d (webtiles) character file.

Game seed: 14359932651980730759

18 robertstho the Chiller (level 2, -2/15 HPs)
             Began as a Deep Elf Ice Elementalist on Apr 6, 2021.
             Slain by a quokka (4 damage)
             ... on level 1 of the Dungeon.
             The game lasted 00:01:07 (790 turns).

robertstho the Chiller (Deep Elf Ice Elementalist)   Turns: 790, Time: 00:01:08

Health: -2/15      AC:  2    Str:  5    XL:     2   Next: 48%
Magic:  8/8        EV: 12    Int: 19    God:
Gold:   10         SH:  0    Dex: 15    Spells: 6/7 levels left

rFire    . . .     SeeInvis .   (no weapon)
rCold    . . .     Faith    .   (no shield)
rNeg     . . .     Spirit   .   a - +0 robe
rPois    .         Reflect  .   (no helmet)
rElec    .         Harm     .   (no cloak)
rCorr    .         Rampage  .   (no gloves)
Will     .....                  (no boots)
Stlth    ++........             (no amulet)
HPRegen  0.05/turn              (no ring)
MPRegen  0.11/turn              (no ring)

@: no status effects
A: no striking features
a: no special abilities


You were on level 1 of the Dungeon.
You visited 1 branch of the dungeon, and saw 1 of its levels.

You collected 10 gold pieces.

Inventory:

Armour
 a - a +0 robe (worn)
Jewellery
 b - a ring of see invisible
Scrolls
 d - a scroll of identify {unknown}
Potions
 c - a potion of haste {unknown}


   Skills:
 + Level 2.5 Dodging
 + Level 3.0 Stealth
 + Level 3.2 Spellcasting
 + Level 4.8 Ice Magic


You had 6 spell levels left.
You knew the following spells:

 Your Spells              Type           Power      Damage    Failure   Level
a - Freeze                Ice            84%        1d10      1%          1

Your spell library contained the following spells:

 Spells                   Type           Power      Damage    Failure   Level
 Frozen Ramparts          Ice            42%        1d6       6%          3
 Ozocubu's Armour         Ice            21%        N/A       6%          3
 Hailstorm                Conj/Ice       12%        3d5       50%         4
 Summon Ice Beast         Ice/Summ       12%        N/A       50%         4


Dungeon Overview and Level Annotations

Branches:
Dungeon (1/15)

Altars:


Message History

Aiming: Freeze (safe; 2% risk of failure)
Press: ? - help, Shift-Dir - straight line, f/p - quokka
Aim: a quokka (severely wounded)
You freeze the quokka.
You kill the quokka!
Unknown command.
A quokka comes into view.
You see here a quokka corpse.
A quokka is nearby!
A quokka is nearby!
A quokka is nearby!
A quokka is nearby!
A giant cockroach comes into view.
Found a stone staircase leading down.
A frilled lizard, a quokka and a kobold come into view.
A hobgoblin comes into view.
The kobold shouts!
The hobgoblin shouts!
An endoplasm comes into view.
The quokka bites you.
The quokka bites you but does no damage.
You closely miss the giant cockroach.
The frilled lizard hisses angrily.
The giant cockroach bites you. The quokka bites you.
Casting: Freeze (safe; 1% risk of failure)
Confirm with . or Enter, or press ? or * to list all spells.
Aiming: Freeze (safe; 1% risk of failure)
Press: ? - help, Shift-Dir - straight line, f - quokka
Aim: a quokka You freeze the quokka.
The quokka is moderately wounded.
The endoplasm quivers.
A dart slug comes into view.
The giant cockroach closely misses you. The quokka closely misses you.
The endoplasm jiggles.
The quokka bites you.
* * * LOW HITPOINT WARNING * * *
The giant cockroach barely misses you.
An endoplasm comes into view.
The quokka bites you.
You die...

.... ######### ........#
########........ ........#
###...#....#######
........#######...#...####
####
............#...#######
#... ........###.†.###
#... #.w.....(J..### ####
#.........#J###########
######
#..>......K.rBr@.....J#
##.....
#.........lg#########..
#...... #.#......####
#...###.# #.###### # ##'#
.. #... ## #... #.<. #...
#...


You could see 2 endoplasms, 2 quokkas, a giant cockroach, a hobgoblin, a kobold
and a frilled lizard.

Vanquished Creatures
  2 ball pythons (D:1)
  An endoplasm (D:1)
  A giant cockroach (D:1)
  A goblin (D:1)
  A hobgoblin (D:1)
  4 jackals (D:1)
  A kobold (D:1)
  2 quokkas (D:1)
  A frilled lizard (D:1)
14 creatures vanquished.

Notes
Turn   | Place    | Note
-------+----------+-------------------------------------------
     0 | D:1      | robertstho the Deep Elf Ice Elementalist began the quest
                  | for the Orb.
     0 | D:1      | Reached XP level 1. HP: 10/10 MP: 6/6
   247 | D:1      | Reached XP level 2. HP: 12/15 MP: 6/8
   790 | D:1      | Slain by a quokka

Illustrated notes

Levels and vault maps discovered:
D:1:      dpeg_arrival_rooms_a, layout_basic

Skill      XL: |  1  2 |
---------------+-------+-----
Stealth        | 3 |  3.0
Dodging        | |  2.5
Spellcasting   | |  3.2
Ice Magic      | |  4.8

Action                   || total
-------------------------++-------
Melee: Unarmed           ||    15
 Cast: Freeze            ||    24
 Stab: Sleeping          ||     2
Armor: Robe              ||     9
Dodge: Dodged            ||    28

Table legend: (Time is in decaauts)
 A = Elapsed time spent in this place.
 B = Non-inter-level travel time spent in this place.
 C = Inter-level travel time spent in this place.
 D = Time resting spent in this place.
 E = Time spent auto-exploring this place.
 F = Levels seen in this place.
 G = Mean time per level.
                   A        B        C        D        E       F      G
               +--------+--------+--------+--------+--------+-----+--------+
         Total |    790 |    790 |      0 |      0 |    689 |   1 |  790.0 |
       Dungeon |    790 |    790 |      0 |      0 |    689 |   1 |  790.0 |
               +--------+--------+--------+--------+--------+-----+--------+

Top non-repeatable levels by time:
     D:1: 790 daAuts
